PCL
REDWOOD CITY REDWOODS @ SAN JOSE MISSIONS
08/04/2023
 
TOP OF THE 1ST
Redwood City Redwoods batting - Pitching for San Jose Missions : RHP Jeff Campbell
Pitching: RHP Jeff Campbell
Batting: RHB Edgardo Gonzáles 0-0: Ball
1-0: Ball
2-0: Swinging Strike
2-1: Foul Ball, location: 2F
2-2: Ball
3-2: Reached on error, E5 (Groundball, 56)
Batting: LHB Eduardo Alomar Pickoff Throw to First - Out!
0-0: Ball
1-0: Called Strike
1-1: Foul Ball, location: 2F
1-2: Fly out, F5 (Popup, 5F)
Batting: LHB Tom Waller 0-0: Ball
1-0: Foul Ball, location: 2F
1-1: Ball
2-1: SINGLE (Groundball, 25) (infield hit)
Batting: RHB Cheng-ho Qiao 0-0: Ball
1-0: Foul Ball, location: 2F
1-1: Ball
2-1: Ball
3-1: Called Strike
3-2: Base on Balls
Tom Waller to second
Batting: LHB Patrick Bright 0-0: Ball
1-0: Ball
2-0: Ball
3-0: Called Strike
3-1: Base on Balls
Tom Waller to third
Cheng-ho Qiao to second
Batting: LHB Tony Warrilow 0-0: Ball
Wild Pitch!
Tom Waller scores
Cheng-ho Qiao to third
Patrick Bright to second
1-0: Ball
2-0: Called Strike
2-1: Ball
3-1: Swinging Strike
3-2: Base on Balls
Batting: RHB Anastasio García 0-0: Ball
1-0: Fly out, F6 (Popup, 6D)
Top of the 1st over - 1 run(s), 1 hit(s), 1 error(s), 3 left on base; Redwood City 1 - San Jose 0
BOTTOM OF THE 1ST
San Jose Missions batting - Pitching for Redwood City Redwoods : RHP Tom Goff
Pitching: RHP Tom Goff
Batting: RHB Goro Tanabe 0-0: Ball
1-0: SINGLE (Groundball, 56D)
Batting: LHB Mel Jones 0-0: Foul Ball, location: 2F
0-1: Called Strike
0-2: Ball
1-2: Foul Ball, location: 2F
1-2: Foul Ball, location: 2F
1-2: Fly out, F8 (Line Drive, 8LS)
Batting: RHB Ed Starr 0-0: Called Strike
0-1: Ball
1-1: DOUBLE (Groundball, 5L)
Goro Tanabe to third
Batting: LHB Miguel Montés 0-0: Called Strike
0-1: Called Strike
0-2: Ball
1-2: Ball
2-2: SINGLE (Groundball, 6M)
Goro Tanabe scores
Ed Starr to third
Batting: LHB Raúl García 0-0: Ball
1-0: SINGLE (Line Drive, 4M)
Ed Starr scores
Miguel Montés to second
Batting: RHB Chang-geun Kim 0-0: Called Strike
Miguel Montés steals 3rd base
Raúl García to second
0-1: Ball
1-1: Called Strike
1-2: Strikes out swinging
Batting: RHB Mike Gordon 0-0: Ball
1-0: Ball
2-0: Ball
3-0: Called Strike
3-1: Ground out 6-3 (Groundball, 6M)
Bottom of the 1st over - 2 run(s), 4 hit(s), 0 error(s), 2 left on base; Redwood City 1 - San Jose 2
TOP OF THE 2ND
Redwood City Redwoods batting - Pitching for San Jose Missions : RHP Jeff Campbell
Batting: RHB Fu Tse 0-0: Foul Ball, location: 2F
0-1: Called Strike
0-2: Ball
1-2: Foul Ball, location: 2F
1-2: Strikes out looking
Batting: LHB Juan Hernández 0-0: Ball
1-0: Ball
2-0: Ball
3-0: Base on Balls
Batting: RHB Edgardo Gonzáles 0-0: Called Strike
Throwing error on steal attempt, E2
Juan Hernández to third
0-1: Ball
1-1: Foul Ball, location: 2F
1-2: Strikes out swinging
Batting: LHB Eduardo Alomar 0-0: Called Strike
0-1: Called Strike
0-2: Ball
1-2: Fly out, F8 (Flyball, 8RS)
Top of the 2nd over - 0 run(s), 0 hit(s), 1 error(s), 1 left on base; Redwood City 1 - San Jose 2
BOTTOM OF THE 2ND
San Jose Missions batting - Pitching for Redwood City Redwoods : RHP Tom Goff
Batting: LHB John Brady 0-0: Called Strike
0-1: SINGLE (Line Drive, 9LS)
Batting: LHB Wilson Vecino 0-0: Ball
1-0: Foul Ball, location: 2F
1-1: Foul Ball, location: 2F
1-2: Grounds into double play, 4-6-3 (Groundball, 4)
Batting: RHB Goro Tanabe 0-0: Called Strike
0-1: Swinging Strike
0-2: Strikes out looking
Bottom of the 2nd over - 0 run(s), 1 hit(s), 0 error(s), 0 left on base; Redwood City 1 - San Jose 2
TOP OF THE 3RD
Redwood City Redwoods batting - Pitching for San Jose Missions : RHP Jeff Campbell
Batting: LHB Tom Waller 0-0: Called Strike
0-1: Swinging Strike
0-2: Ball
1-2: Hit by Pitch
Batting: RHB Cheng-ho Qiao 0-0: Called Strike
0-1: Ball
1-1: Ball
2-1: Foul Ball, location: 2F
2-2: Foul Ball, location: 2F
2-2: Ball
3-2: Ground out 5-3 (Groundball, 5S)
Tom Waller to second
Batting: LHB Patrick Bright 0-0: Foul Ball, location: 2F
0-1: Ball
1-1: Ball
2-1: Ball
3-1: Ground out 1-3 (Groundball, 13S)
Tom Waller to third
Batting: LHB Tony Warrilow 0-0: Called Strike
0-1: Ball
1-1: Foul Ball, location: 2F
1-2: Fly out, F9 (Flyball, 9D)
Top of the 3rd over - 0 run(s), 0 hit(s), 0 error(s), 1 left on base; Redwood City 1 - San Jose 2
BOTTOM OF THE 3RD
San Jose Missions batting - Pitching for Redwood City Redwoods : RHP Tom Goff
Batting: LHB Mel Jones 0-0: Called Strike
0-1: Ball
1-1: Ball
2-1: Swinging Strike
2-2: Hit by Pitch
Batting: RHB Ed Starr 0-0: Called Strike
0-1: Ball
1-1: Ball
2-1: Called Strike
2-2: Reached on error, E5 (Groundball, 56)
Mel Jones to second
Batting: LHB Miguel Montés 0-0: Ball
1-0: Fielders Choice at 2nd, 4-6 (Groundball, 4)
Mel Jones to third
Batting: LHB Raúl García 0-0: Ball
1-0: Ball
2-0: Foul Ball, location: 2F
2-1: Foul Ball, location: 2F
2-2: Grounds out, U3 (Groundball, 3L)
Mel Jones scores
Batting: RHB Chang-geun Kim 0-0: Ball
1-0: Ball
2-0: Ball
3-0: Called Strike
3-1: Called Strike
Error on foul ball, E3
3-2: Ground out 6-3 (Groundball, 6)
Bottom of the 3rd over - 1 run(s), 0 hit(s), 2 error(s), 1 left on base; Redwood City 1 - San Jose 3
TOP OF THE 4TH
Redwood City Redwoods batting - Pitching for San Jose Missions : RHP Jeff Campbell
Batting: RHB Anastasio García 0-0: Ball
1-0: Called Strike
1-1: DOUBLE (Line Drive, 7LM)
Batting: RHB Fu Tse 0-0: Ball
1-0: Ball
2-0: Ball
3-0: 2-RUN HOME RUN (Line Drive, 7LD), Distance : 355 ft
Batting: LHB Juan Hernández 0-0: Ball
1-0: Foul Ball, location: 2F
1-1: Swinging Strike
1-2: Foul Ball, location: 2F
1-2: Ball
2-2: Foul Ball, location: 2F
2-2: Ball
3-2: Foul Ball, location: 2F
3-2: Base on Balls
Batting: RHB Edgardo Gonzáles 0-0: Ball
1-0: Ground out 5-3 (Groundball, 56S)
Juan Hernández to second
Batting: LHB Eduardo Alomar 0-0: Ball
1-0: Ball
2-0: Ball
3-0: Called Strike
3-1: Called Strike
3-2: Base on Balls
Batting: LHB Tom Waller 0-0: Called Strike
0-1: Grounds into double play, 4-6-3 (Groundball, 4)
Top of the 4th over - 2 run(s), 2 hit(s), 0 error(s), 1 left on base; Redwood City 3 - San Jose 3
BOTTOM OF THE 4TH
San Jose Missions batting - Pitching for Redwood City Redwoods : RHP Tom Goff
Batting: RHB Mike Gordon 0-0: Called Strike
0-1: Fly out, F9 (Flyball, 9S)
Batting: LHB John Brady 0-0: Swinging Strike
0-1: Ground out 6-3 (Groundball, 6M)
Batting: LHB Wilson Vecino 0-0: Foul Ball, location: 2F
0-1: Ball
1-1: Called Strike
1-2: Strikes out looking
Bottom of the 4th over - 0 run(s), 0 hit(s), 0 error(s), 0 left on base; Redwood City 3 - San Jose 3
TOP OF THE 5TH
Redwood City Redwoods batting - Pitching for San Jose Missions : RHP Jeff Campbell
Batting: RHB Cheng-ho Qiao 0-0: Ball
1-0: Ball
2-0: Called Strike
2-1: SINGLE (Groundball, 34D)
Batting: LHB Patrick Bright 0-0: DOUBLE (Line Drive, 8RM)
Cheng-ho Qiao to third
Runner from 3rd tries for Home, SAFE, no throw or cutoff
Batting: LHB Tony Warrilow 0-0: Intentional Walk
Batting: RHB Anastasio García 0-0: SINGLE (Line Drive, 4M)
Patrick Bright to third
Tony Warrilow to second
Pitching: RHP Oliver Meléndez
Batting: RHB Fu Tse 0-0: Ball
1-0: Called Strike
1-1: Ball
2-1: Ball
3-1: Foul Ball, location: 2F
3-2: Base on Balls
Patrick Bright scores
Tony Warrilow to third
Anastasio García to second
Pitching: RHP Gabriel Moore
Batting: LHB Juan Hernández 0-0: Called Strike
0-1: Ball
1-1: Foul Ball, location: 2F
1-2: Strikes out swinging
Pitching: RHP Anthony Jones
Batting: RHB Edgardo Gonzáles 0-0: Ball
1-0: Fly out, F3 (Popup, 3F)
Batting: LHB Eduardo Alomar 0-0: Ball
1-0: Ball
2-0: Ball
3-0: Base on Balls
Tony Warrilow scores
Anastasio García to third
Fu Tse to second
Batting: LHB Tom Waller 0-0: Swinging Strike
0-1: Ball
1-1: Swinging Strike
1-2: Ball
2-2: Foul Ball, location: 2F
2-2: Foul Ball, location: 2F
2-2: Foul Ball, location: 2F
2-2: Strikes out looking
Top of the 5th over - 3 run(s), 3 hit(s), 0 error(s), 3 left on base; Redwood City 6 - San Jose 3
BOTTOM OF THE 5TH
San Jose Missions batting - Pitching for Redwood City Redwoods : RHP Tom Goff
Batting: RHB Goro Tanabe 0-0: Ball
1-0: Swinging Strike
1-1: SINGLE (Line Drive, 34)
Batting: LHB Mel Jones 0-0: Ball
1-0: Swinging Strike
1-1: Ball
2-1: Hit by Pitch
Goro Tanabe to second
Batting: RHB Ed Starr 0-0: Called Strike
0-1: Ball
1-1: Ball
2-1: Ball
3-1: Base on Balls
Goro Tanabe to third
Mel Jones to second
Batting: LHB Miguel Montés 0-0: Called Strike
0-1: Fielders Choice at 2nd, 4-6 (Groundball, 4M)
Goro Tanabe scores
Mel Jones to third
Batting: LHB Raúl García 0-0: Ball
1-0: Ball
2-0: Foul Ball, location: 2F
2-1: SINGLE (Groundball, 34D)
Mel Jones scores
Miguel Montés to second
Runner from 2nd tries for 3rd, SAFE, throw made to third
Batting: RHB Chang-geun Kim 0-0: Called Strike
0-1: Ball
1-1: Ball
2-1: Foul Ball, location: 2F
2-2: Foul Ball, location: 2F
2-2: Ball
3-2: Strikes out swinging
Batting: RHB Mike Gordon 0-0: Called Strike
0-1: Ball
1-1: Ball
2-1: Fly out, F7 (Flyball, 78M)
Bottom of the 5th over - 2 run(s), 2 hit(s), 0 error(s), 2 left on base; Redwood City 6 - San Jose 5
TOP OF THE 6TH
Redwood City Redwoods batting - Pitching for San Jose Missions : RHP Anthony Jones
Batting: RHB Cheng-ho Qiao 0-0: Hit by Pitch
Batting: LHB Patrick Bright 0-0: Ball
1-0: DOUBLE (Line Drive, 9LS)
Cheng-ho Qiao to third
Batting: LHB Tony Warrilow 0-0: Intentional Walk
Batting: RHB Anastasio García 0-0: Ball
1-0: Ball
2-0: Foul Ball, location: 2F
2-1: Foul Ball, location: 2F
2-2: Ball
3-2: Base on Balls
Cheng-ho Qiao scores
Patrick Bright to third
Tony Warrilow to second
Batting: RHB Fu Tse 0-0: Foul Ball, location: 2F
0-1: Ball
1-1: Foul Ball, location: 2F
1-2: GRAND SLAM HOME RUN (Flyball, 7LD), Distance : 351 ft
Batting: LHB Juan Hernández 0-0: SINGLE (Line Drive, 8LS)
Batting: RHB Edgardo Gonzáles 0-0: Called Strike
0-1: Called Strike
0-2: Ball
1-2: Ball
2-2: Ball
3-2: Base on Balls
Juan Hernández to second
Batting: LHB Eduardo Alomar 0-0: Ball
1-0: Called Strike
1-1: Foul Ball, location: 2F
1-2: Foul Ball, location: 2F
1-2: Foul Ball, location: 2F
1-2: Ball
2-2: Ball
3-2: Foul Ball, location: 2F
3-2: Base on Balls
Juan Hernández to third
Edgardo Gonzáles to second
Batting: LHB Tom Waller 0-0: Foul Ball, location: 2F
0-1: Grounds into double play, 4-6-3 (Groundball, 4)
Juan Hernández scores
Edgardo Gonzáles to third
Batting: RHB Cheng-ho Qiao 0-0: Called Strike
0-1: 2-RUN HOME RUN (Flyball, 78XD), Distance : 418 ft
Batting: LHB Patrick Bright 0-0: Ball
1-0: Called Strike
1-1: Ball
2-1: Foul Ball, location: 2F
2-2: SOLO HOME RUN (Flyball, 89XD), Distance : 414 ft
Batting: LHB Tony Warrilow 0-0: Ball
1-0: Called Strike
1-1: SINGLE (Line Drive, 89S)
Batting: RHB Anastasio García 0-0: Ball
1-0: Called Strike
Tony Warrilow is caught stealing 2nd base
Top of the 6th over - 9 run(s), 6 hit(s), 0 error(s), 0 left on base; Redwood City 15 - San Jose 5
BOTTOM OF THE 6TH
San Jose Missions batting - Pitching for Redwood City Redwoods : RHP Tom Goff
Pitching: RHP Lúcio Solano
Batting: LHB John Brady 0-0: Ball
1-0: Called Strike
1-1: SINGLE (Line Drive, 8RS)
Batting: LHB Wilson Vecino 0-0: Called Strike
0-1: Ball
1-1: SINGLE (Line Drive, 6)
John Brady to second
Batting: RHB Goro Tanabe 0-0: SINGLE (Groundball, 6M)
John Brady to third
Wilson Vecino to second
Runner from 3rd tries for Home, SAFE, throw made at trailing runner, SAFE at third!
Batting: LHB Mel Jones 0-0: Ground out 4-3 (Groundball, 13)
Wilson Vecino scores
Goro Tanabe to second
Batting: RHB Ed Starr 0-0: Ball
1-0: SINGLE (Groundball, 56D)
Goro Tanabe to third
Batting: LHB Miguel Montés 0-0: Ball
1-0: Ball
2-0: Swinging Strike
2-1: Ball
3-1: Foul Ball, location: 2F
3-2: Strikes out swinging
Batting: LHB Raúl García 0-0: DOUBLE (Line Drive, 3L)
Goro Tanabe scores
Ed Starr to third
Batting: RHB Chang-geun Kim 0-0: Called Strike
0-1: Foul Ball, location: 2F
0-2: Strikes out swinging
Bottom of the 6th over - 3 run(s), 5 hit(s), 0 error(s), 2 left on base; Redwood City 15 - San Jose 8
TOP OF THE 7TH
Redwood City Redwoods batting - Pitching for San Jose Missions : RHP Anthony Jones
Pitching: RHP Danny Wheeler
Batting: RHB Anastasio García 0-0: Called Strike
0-1: Called Strike
0-2: Strikes out looking
Batting: RHB Fu Tse 0-0: Ball
1-0: Ball
2-0: Ball
3-0: Called Strike
3-1: Foul Ball, location: 2F
3-2: Foul Ball, location: 2F
3-2: Base on Balls
Batting: LHB Juan Hernández Balk!
Fu Tse to second
0-0: Ball
1-0: SINGLE (Line Drive, 9S)
Fu Tse to third
Runner from 3rd tries for Home, SAFE, no throw or cutoff
Batting: RHB Edgardo Gonzáles 0-0: Ball
1-0: Fielders Choice at 2nd, 6-4 (Groundball, 56)
Batting: LHB Eduardo Alomar 0-0: Ball
1-0: DOUBLE (Line Drive, 9D)
Edgardo Gonzáles to third
Runner from 3rd tries for Home, SAFE, no throw or cutoff
Batting: LHB Tom Waller 0-0: Ball
1-0: Called Strike
1-1: Called Strike
1-2: Ball
2-2: Strikes out swinging
Top of the 7th over - 2 run(s), 2 hit(s), 0 error(s), 1 left on base; Redwood City 17 - San Jose 8
BOTTOM OF THE 7TH
San Jose Missions batting - Pitching for Redwood City Redwoods : RHP Lúcio Solano
Batting: RHB Mike Gordon 0-0: DOUBLE (Line Drive, 5L)
Batting: LHB John Brady 0-0: Fly out, F7 (Popup, 56D)
Batting: LHB Wilson Vecino 0-0: Foul Ball, location: 2F
0-1: Ball
1-1: Ball
2-1: Foul Ball, location: 2F
2-2: Fly out, F7 (Line Drive, 7M)
Batting: RHB Goro Tanabe 0-0: Ball
1-0: Ball
2-0: Foul Ball, location: 2F
2-1: Ball
3-1: SINGLE (Groundball, 6MD)
Mike Gordon to third
Runner from 3rd tries for Home, SAFE, no throw or cutoff
Pitching: RHP Carl Murgatroyd
Batting: LHB Mel Jones 0-0: Called Strike
Goro Tanabe is caught stealing 2nd base
Bottom of the 7th over - 1 run(s), 2 hit(s), 0 error(s), 0 left on base; Redwood City 17 - San Jose 9
TOP OF THE 8TH
Redwood City Redwoods batting - Pitching for San Jose Missions : RHP Danny Wheeler
Batting: RHB Cheng-ho Qiao 0-0: Called Strike
0-1: Swinging Strike
0-2: Fly out, F7 (Flyball, 78M)
Batting: LHB Patrick Bright 0-0: Foul Ball, location: 2F
0-1: Ball
1-1: Foul Ball, location: 2F
1-2: Foul Ball, location: 2F
1-2: Strikes out looking
Batting: LHB Tony Warrilow 0-0: Ball
1-0: Foul Ball, location: 2F
1-1: Ball
2-1: Ball
3-1: Base on Balls
Batting: RHB Anastasio García 0-0: Ball
1-0: Ball
2-0: Foul Ball, location: 2F
2-1: Called Strike
2-2: DOUBLE (Flyball, 89D)
Tony Warrilow to third
Runner from 3rd tries for Home, SAFE, no throw or cutoff
Batting: RHB Fu Tse 0-0: Ball
1-0: Ball
2-0: Ball
3-0: Base on Balls
Batting: LHB Juan Hernández 0-0: Called Strike
0-1: Ball
1-1: Ball
2-1: Called Strike
2-2: Ball
3-2: SINGLE (Line Drive, 34)
Anastasio García to third
Fu Tse to second
Anastasio García scores
Fu Tse to third
Batting: RHB Edgardo Gonzáles 0-0: Ball
1-0: Called Strike
1-1: Ball
2-1: Called Strike
2-2: Ball
3-2: Strikes out swinging
Top of the 8th over - 2 run(s), 2 hit(s), 0 error(s), 2 left on base; Redwood City 19 - San Jose 9
BOTTOM OF THE 8TH
San Jose Missions batting - Pitching for Redwood City Redwoods : RHP Carl Murgatroyd
Now at C: Orlando Santos
Now at SS: Yataro Abe
Batting: LHB Mel Jones 0-0: Ball
1-0: Ball
2-0: Foul Ball, location: 2F
2-1: Fly out, F9 (Flyball, 9M)
Batting: RHB Ed Starr 0-0: Ball
1-0: Ball
2-0: Ball
3-0: Base on Balls
Batting: LHB Miguel Montés 0-0: Fielders Choice at 2nd, 4-6 (Groundball, 4)
Batting: LHB Raúl García
Pinch Hitting: RHB Joe Broadhead 0-0: Called Strike
0-1: Ball
1-1: Ball
2-1: Foul Ball, location: 2F
2-2: SINGLE (Groundball, 56)
Miguel Montés to second
Batting: RHB Chang-geun Kim 0-0: Ball
1-0: Called Strike
1-1: Ball
2-1: Ball
3-1: Foul Ball, location: 2F
3-2: Base on Balls
Miguel Montés to third
Joe Broadhead to second
Pinch Hitting: LHB Michael Johnson 0-0: Called Strike
0-1: Called Strike
0-2: Ball
Balk!
Miguel Montés scores
Joe Broadhead to third
Chang-geun Kim to second
1-2: Foul Ball, location: 2F
1-2: Ball
2-2: Ball
3-2: Base on Balls
Batting: LHB John Brady 0-0: DOUBLE (Line Drive, 9D)
Joe Broadhead scores
Chang-geun Kim scores
Michael Johnson to third
Runner from 3rd tries for Home, SAFE, no throw or cutoff
Pitching: LHP George Owens
Batting: LHB Wilson Vecino 0-0: Called Strike
0-1: Ball
1-1: Swinging Strike
1-2: Foul Ball, location: 2F
1-2: Strikes out swinging
Bottom of the 8th over - 4 run(s), 2 hit(s), 0 error(s), 1 left on base; Redwood City 19 - San Jose 13
TOP OF THE 9TH
Redwood City Redwoods batting - Pitching for San Jose Missions : RHP Danny Wheeler
Pitching: LHP Floyd Dye
Now at 3B: Jim Brown
Now in RF: Michael Johnson
Batting: LHB Eduardo Alomar 0-0: Ball
1-0: Ball
2-0: Called Strike
2-1: Swinging Strike
2-2: Strikes out swinging
Batting: LHB Tom Waller 0-0: Swinging Strike
0-1: Ball
1-1: Foul Ball, location: 2F
1-2: Foul Ball, location: 2F
1-2: Foul Ball, location: 2F
1-2: Ball
2-2: Foul Ball, location: 2F
2-2: Fly out, F8 (Flyball, 8LM)
Batting: RHB Cheng-ho Qiao 0-0: Ball
1-0: Ball
2-0: Foul Ball, location: 2F
2-1: Ball
3-1: Base on Balls
Batting: LHB Patrick Bright 0-0: Foul Ball, location: 2F
0-1: Ball
1-1: Foul Ball, location: 2F
1-2: Strikes out swinging
Top of the 9th over - 0 run(s), 0 hit(s), 0 error(s), 1 left on base; Redwood City 19 - San Jose 13
BOTTOM OF THE 9TH
San Jose Missions batting - Pitching for Redwood City Redwoods : LHP George Owens
Batting: RHB Goro Tanabe 0-0: Ball
1-0: Ball
2-0: Called Strike
2-1: Ball
3-1: Base on Balls
Batting: LHB Mel Jones 0-0: Ball
1-0: Called Strike
1-1: Fielders Choice at 2nd, 5-4 (Groundball, 5L)
Batting: RHB Ed Starr 0-0: Swinging Strike
0-1: Ball
1-1: Ball
2-1: Ball
3-1: Base on Balls
Mel Jones to second
Batting: LHB Miguel Montés 0-0: Called Strike
0-1: SINGLE (Flyball, 7S)
Mel Jones to third
Ed Starr to second
Runner from 3rd tries for Home, SAFE, no throw or cutoff
Batting: RHB Jim Brown 0-0: Called Strike
0-1: Ball
1-1: Ball
2-1: Grounds into double play, 4-6-3 (Groundball, 4)
Bottom of the 9th over - 1 run(s), 1 hit(s), 0 error(s), 1 left on base; Redwood City 19 - San Jose 14
This league is powered by Out of the Park Baseball, the baseball management simulation game for PC, Mac and Linux
Wednesday, December 2nd, 2015 - OOTP Baseball 16.8 Build 38